 Dungeon Crawl Stone Soup version 0.30-a0-297-g0ec75d9ef4 (webtiles) character file.

Game seed: 13471791582891107063

2180 purpskrrrp the Cleaver (level 9, 0/78 HPs)
             Began as a Minotaur Fighter on Oct 18, 2022.
             Was a Priest of Okawaru.
             Slain by a brown ugly thing (5 damage)
             ... on level 6 of the Dungeon.
             The game lasted 00:09:20 (7478 turns).

purpskrrrp the Cleaver (Minotaur Fighter)           Turns: 7478, Time: 00:09:20

Health: 0/78       AC:  9    Str: 24    XL:     9   Next: 11%
Magic:  8/8        EV: 12    Int:  5    God:    Okawaru [***...]
Gold:   260        SH:  5    Dex: 11    Spells: 8/8 levels left

rFire   + + .      SeeInvis .    a - +0 war axe
rCold   x . .      Faith    .    c - +0 buckler
rNeg    . . .      Spirit   .    e - +3 ring mail
rPois   .          Reflect  .    (helmet restricted)
rElec   .          Harm     .    (no cloak)
rCorr   .          Rampage  .    (no gloves)
Will    .....                    (no boots)
Stlth   +.........               (no amulet)
HPRegen 0.33/turn                p - ring of fire
MPRegen 0.11/turn                w - ring of protection from fire

@: studying Shields
A: horns 2, retaliatory headbutt
a: Renounce Religion, Heroism


You were on level 6 of the Dungeon.
You worshipped Okawaru.
Okawaru was most pleased with you.
You visited 1 branch of the dungeon, and saw 7 of its levels.

You collected 401 gold pieces.
You spent 141 gold pieces at shops.

Inventory:

Hand Weapons
 a - a +0 war axe (weapon)
Missiles
 d - a throwing net (quivered)
Armour
 b - a +0 scale mail
 c - a +0 buckler (worn)
 e - a +3 ring mail (worn)
 u - a +0 plate armour
Jewellery
 p - a ring of fire (left hand)
 w - a ring of protection from fire (right hand)
Wands
 A - a wand of mindburst (8)
Scrolls
 f - a scroll of summoning
 g - 2 scrolls of vulnerability
 h - 4 scrolls of blinking
 m - a scroll of enchant armour {unknown}
 n - 5 scrolls of identify
 q - 2 scrolls of teleportation
 s - 2 scrolls of enchant weapon {unknown}
 t - 2 scrolls of amnesia
 y - a scroll of magic mapping
Potions
 i - 2 potions of magic
 j - a potion of flight
 k - a potion of lignification {unknown}
 l - a potion of curing
 o - 2 potions of mutation
 r - a potion of haste {unknown}
 v - a potion of heal wounds
 x - a potion of resistance {unknown}
 z - 2 potions of invisibility {unknown}
 B - a potion of cancellation {unknown}


   Skills:
 + Level 6.5 Fighting
 * Level 8.2 Axes
 * Level 4.2 Throwing
 + Level 6.5 Armour
 + Level 4.7 Dodging
 + Level 7.4 Shields


You had 8 spell levels left.
You didn't know any spells.
Your spell library contained the following spells:

 Spells                   Type           Power      Damage    Failure   Level
 Apportation              Tloc           0%         N/A       69%         1
 Slow                     Hex            0%         N/A       69%         1
 Wereblood                Tmut           0%         N/A       83%         2
 Confusing Touch          Hex            0%         N/A       96%         3
 Stone Arrow              Conj/Erth      0%         3d7       96%         3
 Vampiric Draining        Necr           0%         2d6       96%         3
 Leda's Liquefaction      Hex/Erth       0%         N/A       100%        4
 Alistair's Intoxication  Tmut/Pois      0%         N/A       100%        5
 Eringya's Noxious Bog    Tmut/Pois      0%         N/A       100%        6
 Lehudib's Crystal Spear  Conj/Erth      0%         10d2      100%        8
 Animate Armour           Summ/Erth      Unusable   N/A       N/A         4

Dungeon Overview and Level Annotations

Branches:
Dungeon (7/15)             Temple (0/1) D:5

Altars:
Cheibriados
Dithmenos
Elyvilon
Makhleb
Nemelex Xobeh
Okawaru
Sif Muna
Zin

Shops:
D:4 *


Innate Abilities, Weirdness & Mutations

You have a pair of horns on your head.
You reflexively headbutt those who attack you in melee.


Message History

* * * LOW HITPOINT WARNING * * *
The brown ugly thing basks in the mutagenic energy from its kin and changes!
Throw: 2 throwing nets
Press: ? - help, Q - select action, (/) - cycle Shift-Dir - straight line, f - brown ugly thing
Aim: a brown ugly thing (62% to hit)
You throw a throwing net.
The throwing net hits the brown ugly thing.
The brown ugly thing is caught in the net!
The brown ugly thing struggles against the net.
Items here: )) [[.
Things that are here:
a +4 hand axe; a +0 robe The purple ugly thing basks in the mutagenic energy from its kin and changes!
An ice beast comes into view.
The killer bee buzzes angrily.
There is a stone staircase leading up here.
The killer bee misses you. You furiously retaliate!
You headbutt the killer bee!
You climb upwards.
Reactivating autopickup.
There is a stone staircase leading down here.
You start resting.
HP restored.
There is a stone staircase leading down here.
You climb downwards.
The brown ugly thing basks in the mutagenic energy from its kin and changes!
There is a stone staircase leading up here.
The brown ugly thing engulfs you.
You are splashed with acid!
You climb upwards.
There is a stone staircase leading down here.
The brown ugly thing attacks as you move away!
The brown ugly thing engulfs you.
You are splashed with acid!
The white ugly thing attacks as you move away!
The white ugly thing stings you! The white ugly thing freezes you!!!
You feel a terrible chill!
Ouch! That really hurt!
* * * LOW HITPOINT WARNING * * *
The brown ugly thing attacks as you move away!
The brown ugly thing engulfs you.
You die...

....).)#.#......<)[#.....#.##....
.####..))#.####.#..#.#.#.#.###.##
.###.###)#.####.#...[.......##.#
.....# #).....#.####.#.#.##.##.#
.###>###......#.# #.....##.##.#
.# ##.........#.# ###.####.##.#
.# ##..........# #.# #.##.## .#
#........########.####.##... ##
#........uu@...........##.##
#........#########.######.#
#.###.#### #.# #.# #.# #.#
##.######.# #.# #.#####
#.........# #.###.....#
#..######.# #.........# #..# #.#
#######>..#######..######.#
##.........#.....##.#


You could see 2 ugly things.

Vanquished Creatures
  The ghost of Findleman the Trooper, an amateur MiFi of Hepliaklqana (D:5)
  A vampire mosquito (D:7)
  2 ice beasts (D:5)
  2 black bears
  2 ogres (D:6)
  3 centaurs
  A phantom (D:4)
  A bullfrog (D:6)
  A gnoll sergeant (D:6)
  A scorpion (D:6)
  3 wights (D:7)
  2 electric eels (D:6)
  A howler monkey (D:6)
  2 hounds
  3 jellies
  Jessica (D:3)
  A gnoll bouda (D:6)
  4 iguanas
  5 gnolls (D:6)
  10 adders
  A shadow imp (D:3)
  An ufetubus (D:6)
  A worm (D:3)
  3 dart slugs
  10 orcs
  8 ball pythons
  A bat (D:3)
  4 endoplasms
  5 giant cockroaches
  6 goblins
  6 hobgoblins
  3 jackals (D:1)
  3 quokkas
  4 frilled lizards
  4 kobolds
  4 rats
111 creatures vanquished.

Vanquished Creatures (others)
  8 plants (D:2)
8 creatures vanquished.

Grand Total: 119 creatures vanquished

Notes
Turn   | Place    | Note
-------+----------+-------------------------------------------
     0 | D:1      | purpskrrrp the Minotaur Fighter began the quest for the
                  | Orb.
     0 | D:1      | Reached XP level 1. HP: 19/19 MP: 0/0
   172 | D:1      | Reached XP level 2. HP: 27/27 MP: 1/1
   223 | D:1      | Reached skill level 3 in Axes
   550 | D:2      | Reached skill level 1 in Dodging
   550 | D:2      | Reached XP level 3. HP: 28/33 MP: 2/2
   925 | D:2      | Reached XP level 4. HP: 39/40 MP: 3/3
   944 | D:2      | Found an iron altar of Okawaru.
  1023 | D:2      | Got the Catalogue of the Rocky Figure
  1703 | D:2      | Became a worshipper of Warmaster Okawaru
  1936 | D:3      | Found a snail-covered altar of Cheibriados.
  2131 | D:3      | Noticed Jessica
  2151 | D:3      | Found a shimmering blue altar of Sif Muna.
  2166 | D:3      | Killed Jessica
  2167 | D:3      | Reached skill level 4 in Axes
  3072 | D:4      | Found a burning altar of Makhleb.
  3072 | D:4      | Noticed a phantom
  3087 | D:4      | Killed a phantom
  3088 | D:4      | Reached XP level 5. HP: 38/47 MP: 4/4
  3287 | D:4      | Noticed a black bear
  3292 | D:4      | Killed a black bear
  3292 | D:4      | Reached * piety under Okawaru
  3293 | D:4      | Reached skill level 5 in Axes
  3293 | D:4      | Reached XP level 6. HP: 55/55 MP: 5/5
  3404 | D:4      | Found Saunnuk's General Store.
  4008 | D:4      | Bought a scroll of teleportation for 30 gold pieces
  4008 | D:4      | Bought 4 poisoned darts for 16 gold pieces
  4008 | D:4      | Bought a scroll of identify for 20 gold pieces
  4008 | D:4      | Bought a scroll of blinking for 75 gold pieces
  4291 | D:5      | Entered Level 5 of the Dungeon
  4296 | D:5      | Found a staircase to the Ecumenical Temple.
  4345 | D:5      | Noticed an ice beast
  4351 | D:5      | Killed an ice beast
  4352 | D:5      | Reached skill level 5 in Fighting
  4352 | D:5      | Reached skill level 5 in Armour
  4352 | D:5      | Reached skill level 5 in Shields
  4507 | D:5      | Reached XP level 7. HP: 61/61 MP: 6/6
  4678 | D:5      | Found a runed translucent door.
  4681 | D:5      | Noticed Findleman's ghost (amateur MiFi)
  4711 | D:5      | Reached skill level 6 in Axes
  5215 | D:5      | Reached skill level 1 in Throwing
  5355 | D:5      | Found a white marble altar of Elyvilon.
  5362 | D:5      | Reached ** piety under Okawaru
  5488 | D:5      | Killed Findleman's ghost
  5489 | D:5      | Reached skill level 7 in Axes
  5489 | D:5      | Reached XP level 8. HP: 44/70 MP: 7/7
  6213 | D:6      | Reached *** piety under Okawaru
  6270 | D:6      | Found a glowing silver altar of Zin.
  6270 | D:6      | Found an iron altar of Okawaru.
  6416 | D:6      | Found a sparkling altar of Nemelex Xobeh.
  6434 | D:6      | Found a shadowy altar of Dithmenos.
  7184 | D:7      | Reached skill level 8 in Axes
  7186 | D:7      | Reached XP level 9. HP: 55/77 MP: 8/8
  7261 | D:7      | Noticed a cyclops
  7261 | D:7      | Noticed a two-headed ogre
  7261 | D:7      | Noticed a brown ugly thing
  7261 | D:7      | Noticed a brown ugly thing
  7261 | D:7      | Noticed a purple ugly thing
  7262 | D:7      | Noticed a gargoyle
  7478 | D:6      | Slain by a brown ugly thing

Illustrated notes

Levels and vault maps discovered:
D:1:      ncdulo_wetmaze, layout_basic, st_stairs_10, minmay_worlds_worst_comb
D:2:      layout_basic, basic_altar, serial_bayou, serial_bayou_shore_a,
          serial_bayou_ford_a, serial_bayou_pond_d, serial_bayou_pond_b
D:3:      layout_loops_corners, mainiacjoe_overflow_tiny_flanked, tgw_sif,
          serial_rivers, chequers_serial_rivers_micro_a,
          chequers_serial_rivers_small_b, chequers_serial_rivers_micro_d,
          chequers_serial_rivers_micro_e
D:4:      layout_loops_ring, mainiacjoe_overflow_small_starburst, serial_glass,
          glass_columns_b, glass_columns_b, glass_columns_c, glass_columns_b,
          glass_columns_c, glass_columns_c, nicolae_inconvenience_store
D:5:      layout_basic, nicolae_elyvilon_peaceful_grove, temple_pool_b,
          hellmonk_ghost_happy_afterlife, nrook_uturn, hex_intersection,
          st_stairs_13, minmay_manual_mares
D:6:      layout_loops_ring, nicolae_overflow_squiral, jmf_multi_god_temple
D:7:      minmay_the_grid_triangle_9x9_recursive_2
          [minmay_the_grid_triangle_9x9_prize_insulated,
          minmay_the_grid_triangle_9x9_sparse_checkered,
          minmay_the_grid_triangle_9x9_wacky_v,
          minmay_the_grid_triangle_9x9_zippers_horizontal], layout_cave_pools,
          minmay_misc_feat_alley

Skill      XL: |  1  2  3  4  5  6  7  8 |
---------------+-------------------------+-----
Axes           | 3 4 5 7 8 |  8.2
Dodging        | 1 2 3 4 |  4.7
Armour         | 4 5 6 |  6.5
Shields        | 4 5 6 7 |  7.4
Fighting       | 4 5 6 |  6.5
Throwing       | 2 4 |  4.2

Action                   |  1- 3 |  4- 6 |  7- 9 || total
-------------------------+-------+-------+-------++-------
Melee: War axe           |    77 |    97 |    98 ||   272
       Headbutt          |     5 |    18 |    18 ||    41
Throw: Dart              |       |    68 |    62 ||   130
       Throwing net      |       |       |     1 ||     1
  Use: Scroll            |       |    11 |       ||    11
       Potion            |       |       |     2 ||     2
Armor: Scale mail        |    36 |       |       ||    36
       Plate armour      |       |    42 |       ||    42
       Ring mail         |       |    13 |    28 ||    41
Dodge: Dodged            |    35 |    24 |    67 ||   126
Block: Buckler           |    26 |    15 |    36 ||    77

Table legend: (Time is in decaauts)
 A = Elapsed time spent in this place.
 B = Non-inter-level travel time spent in this place.
 C = Inter-level travel time spent in this place.
 D = Time resting spent in this place.
 E = Time spent auto-exploring this place.
 F = Levels seen in this place.
 G = Mean time per level.
                   A        B        C        D        E       F      G
               +--------+--------+--------+--------+--------+-----+--------+
         Total |   7600 |   7074 |    526 |    435 |   5653 |   7 | 1085.7 |
       Dungeon |   7600 |   7074 |    526 |    435 |   5653 |   7 | 1085.7 |
               +--------+--------+--------+--------+--------+-----+--------+

Top non-repeatable levels by time:
     D:6: 1555 daAuts
     D:2: 1414 daAuts
     D:3: 1381 daAuts
     D:5: 1316 daAuts
     D:4: 1111 daAuts
     D:1: 482 daAuts
     D:7: 339 daAuts
